Map: Echo LE (Void)

Players

Lapack

  • Race: Zerg Zerg
  • League: Diamond
  • Spawn Location: 5:00

curry - Winner!

  • Race: Terran Terran
  • League: Diamond
  • Spawn Location: 11:00

VOD

Have the link to the VOD?

Description

Time

  • Played on: Jan. 17, 2017, 8:35 a.m.
  • Length: 15:57
Show
View Real Time Build Order
Export as new Build Order

Lapack Zerg 

Build Orders: Hatch First 

Get SALT Encoding   

  12  0:01  Drone  
  13  0:12  Overlord  
  13  0:20  Drone  
  14  0:31  Drone x2  
  14  0:34  Drone  
  17  0:53  Hatchery  
  17  0:57  Drone  
  17  0:58  Drone  
  18  1:11  Extractor  
  18  1:14  Spawning Pool  
  18  1:17  Drone  
  17  1:19  Drone  
  18  1:28  Drone  
  19  1:39  Overlord  
  19  2:00  Queen  
  21  2:01  Zergling x2  
  21  2:02  Zergling x2  
  21  2:06  Queen, Zergling x2  
  26  2:11  Drone, Metabolic Boost  
  27  2:20  Drone  
  28  2:32  Drone  
  28  2:33  Drone  
  30  2:38  Queen  
  30  2:39  Overlord  
  30  2:40  Drone  
  33  2:52  Drone x2  
  35  3:07  Drone x3  
  38  3:13  Overlord  
  38  3:14  Drone x3  
  41  3:20  Pneumatized Carapace  
  41  3:24  Drone x3  
  44  3:39  Hatchery  
  45  3:41  Drone x3  
  46  3:48  Queen  
  46  3:50  Overlord x2  
  46  3:52  Drone  
  46  3:53  Drone  
  46  3:55  Drone  
  51  3:56  Drone  
  52  4:08  Queen  
  54  4:15  Drone x5, Evolution Chamber  
  54  4:16  Evolution Chamber  
  57  4:27  Drone  
  57  4:28  Drone x2  
  57  4:29  Overlord  
  60  4:44  Overlord x3  
  60  4:47  Queen x2  
  64  4:55  Zergling x10  
  64  4:56  Zergling x6  
  72  5:04  Queen  
  74  5:08  Zerg Melee Weapons Level 1  
  74  5:09  Zerg Ground Armor Level 1  
  74  5:10  Zergling x6  
  74  5:11  Zergling x2  
  78  5:27  Zergling x2  
  78  5:28  Zergling x18  
  88  5:39  Overlord x3  
  87  5:58  Drone  
  87  5:59  Drone x7  
  87  6:02  Lair  
  95  6:04  Extractor  
  95  6:05  Baneling Nest  
  93  6:13  Drone x5  
  93  6:15  Overlord, Extractor x2  
  96  6:21  Hatchery  
  96  6:24  Zergling x2  
  96  6:25  Zergling x4  
  98  6:30  Zergling x8  
  102  6:36  Extractor x2  
  100  6:43  Spine Crawler  
  100  6:46  Spore Crawler  
  99  6:49  Drone  
  99  6:50  Spore Crawler  
  99  6:53  Drone x3  
  99  6:54  Drone x4  
  103  6:55  Baneling x2  
  103  6:56  Baneling x2  
  106  7:03  Drone x3  
  106  7:04  Zerg Melee Weapons Level 2  
  109  7:11  Spore Crawler  
  109  7:15  Spine Crawler  
  107  7:20  Centrifical Hooks  
  107  7:23  Drone x5  
  107  7:28  Zergling x2  
  110  7:43  Drone x7  
  117  8:00  Overlord x5  
  117  8:01  Overlord x2, Spire  
  116  8:06  Overseer  
  116  8:07  Overseer  
  116  8:08  Hatchery  
  116  8:11  Drone, Zergling x10  
  116  8:12  Zergling x2  
  122  8:13  Baneling x3  
  116  8:48  Zergling x12  
  120  8:49  Zergling x12  
  120  8:50  Zergling x10  
  129  8:57  Hatchery  
  125  9:06  Zergling x2  
  115  9:13  Zergling x2  
  115  9:14  Zergling x30  
  123  9:18  Zerg Flyer Weapons Level 1  
  123  9:29  Queen  
  125  9:32  Infestation Pit  
  124  9:41  Zergling x20  
  127  9:46  Baneling  
  127  9:47  Baneling x3  
  127  9:48  Baneling x3  
  122  10:02  Drone  
  122  10:03  Drone x12  
  134  10:13  Baneling x2  
  134  10:14  Baneling x8  
  124  10:17  Mutalisk  
  124  10:18  Mutalisk x4  
  131  10:21  Hatchery  
  131  10:22  Extractor  
  131  10:24  Extractor  
  128  10:51  Mutalisk x10  
  148  11:01  Hatchery  
  147  11:05  Zergling x2  
  147  11:06  Zergling x26  
  147  11:07  Baneling x2  
  147  11:08  Baneling x2  
  147  11:09  Queen, Baneling x3  
  151  11:21  Zergling x2  
  151  11:22  Zergling x6  
  137  11:41  Baneling x2  
  137  11:43  Zerg Flyer Weapons Level 2  
  125  11:51  Drone x2  
  125  11:52  Drone x10  
  135  11:59  Hatchery  
  135  12:00  Infestation Pit  
  133  12:01  Extractor  
  132  12:10  Spine Crawler  
  132  12:11  Spore Crawler x2  
  132  12:12  Spine Crawler  
  128  12:21  Mutalisk x2  
  128  12:22  Mutalisk  
  119  12:25  Zergling x18  
  119  12:26  Zergling x2  
  117  12:42  Zergling x2  
  117  12:43  Zergling x8  
  122  13:00  Zergling x2  
  122  13:01  Zergling x12  
  129  13:11  Baneling Nest  
  122  13:26  Baneling Nest  
  119  13:31  Zergling x8  
  119  13:32  Zergling x16, Extractor  
  119  13:33  Hatchery  
  124  13:35  Spore Crawler  
  124  13:36  Spore Crawler  
  99  13:51  Mutalisk x5  
  99  13:53  Overseer  
  99  13:54  Overseer  
  108  13:57  Baneling  
  108  13:58  Baneling x3  
  108  14:01  Drone  
  108  14:02  Drone x6  
  115  14:05  Extractor  
  115  14:09  Spine Crawler  
  102  14:10  Spine Crawler  
  87  14:22  Zergling x2  
  87  14:23  Zergling x14  
  94  14:24  Baneling x2  
  94  14:25  Baneling x4  
  88  14:37  Spine Crawler  
  88  14:38  Spine Crawler  
  58  14:47  Zergling x2  
  58  14:48  Zergling x20  
  58  15:12  Queen  
  60  15:22  Spore Crawler  
  59  15:28  Drone x7  
  59  15:29  Drone x8  
  59  15:32  Baneling x7  
Show
View Real Time Build Order
Export as new Build Order

curry Terran - Winner!

Build Orders: Reaper Expand, MMM Bio 

Get SALT Encoding   

  12  0:00  SCV  
  13  0:13  SCV  
  14  0:17  Supply Depot  
  14  0:25  SCV  
  15  0:39  SCV  
  15  0:40  Barracks  
  16  0:45  Refinery  
  16  0:51  SCV  
  17  1:03  SCV  
  18  1:15  SCV  
  19  1:27  Orbital Command  
  19  1:28  Reaper  
  20  1:41  Command Center  
  20  1:51  Barracks  
  20  1:55  SCV  
  21  2:02  Refinery  
  21  2:03  Barracks Reactor  
  21  2:07  SCV  
  22  2:12  Supply Depot  
  22  2:19  SCV  
  23  2:34  SCV  
  24  2:38  Factory  
  24  2:40  Marine, Barracks Tech Lab  
  25  2:46  SCV  
  25  2:50  Marine  
  27  2:58  Marine, SCV  
  28  3:04  Marine  
  28  3:05  Stimpack  
  30  3:08  Marine  
  30  3:10  Orbital Command, SCV  
  32  3:16  Marine  
  33  3:22  SCV  
  33  3:25  Starport  
  34  3:34  SCV  
  34  3:38  Marine  
  34  3:39  Marine  
  34  3:40  Factory Reactor  
  37  3:43  Supply Depot  
  37  3:46  Marine, SCV  
  37  3:47  SCV  
  40  3:57  Marine  
  40  3:58  SCV  
  40  3:59  SCV  
  40  4:00  Marine  
  44  4:06  Supply Depot, Marine  
  45  4:11  SCV x2  
  47  4:20  Marine  
  47  4:21  Marine  
  49  4:24  Marine  
  49  4:25  Medivac x2  
  49  4:30  Engineering Bay  
  54  4:37  Engineering Bay  
  54  4:38  SCV  
  54  4:39  SCV  
  54  4:40  Supply Depot  
  54  4:42  Marine  
  54  4:44  Marine x2  
  59  4:51  SCV x2  
  61  4:58  Terran Infantry Weapons Level 1  
  61  5:03  SCV x2  
  61  5:06  Combat Shields, Marine  
  61  5:07  Marine  
  64  5:09  Terran Infantry Armor Level 1  
  64  5:11  Supply Depot  
  65  5:16  Marine  
  65  5:19  Command Center  
  66  5:21  Supply Depot  
  66  5:24  Marine  
  66  5:26  Medivac  
  69  5:31  SCV, Refinery  
  69  5:32  Medivac  
  69  5:34  Refinery  
  72  5:37  Marine x2  
  74  5:52  Marine  
  74  5:55  Marine  
  74  5:57  SCV x2  
  78  5:58  Barracks  
  78  6:00  Barracks  
  78  6:04  Supply Depot  
  78  6:09  Armory, SCV x2  
  80  6:14  Barracks  
  80  6:21  SCV x2  
  82  6:29  Marine x2  
  82  6:32  Marine  
  85  6:34  Concussive Shells  
  85  6:35  Orbital Command  
  85  6:37  Supply Depot  
  85  6:38  SCV  
  86  6:45  Medivac x2, Supply Depot, Factory Reactor  
  86  6:46  Marine x2  
  91  6:47  Barracks Reactor  
  91  6:49  Barracks Reactor  
  91  6:50  Marine, SCV  
  94  7:06  Barracks  
  94  7:08  Barracks Reactor  
  94  7:09  Terran Infantry Armor Level 2, Terran Infantry Weapons Level 2  
  94  7:17  Marine x3  
  94  7:20  Medivac  
  99  7:23  Widow Mine x2  
  92  7:39  Orbital Command  
  92  7:40  Marine x6  
  92  7:41  Marine  
  99  7:51  Widow Mine, Marine x2  
  99  7:53  Medivac x2, Widow Mine  
  99  7:57  Marine x2  
  99  7:58  Marine x3  
  114  8:01  Supply Depot  
  114  8:02  Terran Ship Weapons Level 1  
  114  8:12  Marine  
  114  8:13  Marine x2  
  114  8:14  Marine x2  
  118  8:20  Widow Mine  
  118  8:21  Widow Mine  
  118  8:26  Marine x3  
  120  8:27  Barracks Reactor  
  120  8:28  Marine  
  120  8:30  Marine x2  
  123  8:35  Marine x2  
  123  8:36  Marine  
  126  8:41  SCV x2  
  126  8:42  SCV  
  126  8:44  Marine  
  125  9:03  Marine x3  
  123  9:17  Marine x5  
  123  9:18  Marine, Marauder  
  123  9:23  Marine x2  
  133  9:28  Supply Depot  
  133  9:30  Widow Mine x2, Supply Depot, Marine x2  
  139  9:32  Refinery, SCV  
  139  9:33  SCV  
  139  9:34  Refinery  
  139  9:35  Terran Infantry Weapons Level 3, Marine x4  
  145  9:40  Marauder  
  145  9:41  Bunker  
  137  9:58  Widow Mine x2  
  141  10:01  Marauder  
  130  10:08  Marine x3  
  130  10:10  Medivac x2  
  130  10:11  Marine x2  
  133  10:22  Marine x3  
  133  10:23  Liberator x2, Marine x3  
  133  10:27  Widow Mine x2  
  139  10:30  Marine  
  139  10:31  Marine x2  
  139  10:34  SCV  
  139  10:35  Starport  
  143  10:39  SCV  
  150  10:46  SCV  
  151  10:55  Widow Mine x2  
  155  11:05  Liberator  
  155  11:06  Liberator  
  155  11:23  Marine x4  
  155  11:24  Widow Mine x2, Marine, Marauder  
  154  11:31  Marine x2  
  155  11:45  Marauder  
  151  11:48  Liberator  
  151  11:49  Marine x2  
  151  11:50  Marine x4  
  151  11:51  Marine x4  
  151  11:52  Widow Mine x2  
  154  11:56  Terran Infantry Armor Level 3  
  154  12:02  Starport Reactor  
  154  12:05  Medivac  
  154  12:06  Marauder  
  154  12:07  Marine x2  
  154  12:08  Marine x2  
  164  12:15  Supply Depot, Marine x2  
  165  12:16  Marine  
  165  12:18  Supply Depot  
  165  12:21  Widow Mine x2  
  146  12:26  Marine x2  
  146  12:27  Marine x2  
  146  12:28  Marauder  
  146  12:31  Marine  
  146  12:32  Marine  
  146  12:35  Medivac, Marine x4  
  136  12:44  Marine  
  136  12:48  Medivac  
  136  12:49  Widow Mine, Marauder  
  136  12:51  Marine x2  
  145  13:02  Marine x2  
  147  13:09  Marine x4  
  147  13:10  Marauder  
  153  13:22  Orbital Command, Marine x4  
  153  13:25  Marine  
  156  13:27  Marine  
  156  13:28  Marine  
  156  13:32  Marauder  
  160  13:38  Liberator x2  
  141  13:47  Marine x2  
  137  13:53  Marauder  
  139  13:56  Medivac x2  
  139  13:59  Marine x2  
  148  14:04  Marine x2  
  150  14:15  Marauder  
  152  14:36  Marauder  
  131  14:46  Liberator x2, Marine x2  
  131  14:47  Marine x2  
  131  14:51  Marine x2  
  128  14:57  Marauder  
  128  15:00  Marine x4  
  128  15:04  Medivac x2, Marine x2  
  128  15:05  Marine x2  
  146  15:07  Supply Depot  
  146  15:09  Marine x2  
  148  15:18  Marine  
  148  15:19  Marauder  
  151  15:23  Widow Mine  
  151  15:24  Widow Mine  
  155  15:30  Marine x3  
  155  15:31  Marine  
  164  15:48  Refinery  
  164  15:53  Refinery  
Tags
 
Add a new tag
Caveats
  • Supply blocks, unpowered buildings, or Contaminate may cause inaccurate times.
  • Supply counts are checked every 10 seconds.